Map: Goldenaura LE

Players

Solar - Winner!

  • Race: Zerg Zerg
  • League: Diamond
  • Spawn Location: 12:00

GuMiho

  • Race: Terran Terran
  • Spawn Location: 5:00

VOD

Have the link to the VOD?

Description

Time

  • Played on: Nov. 2, 2023, 5:26 a.m.
  • Length: 16:27
Show
View Real Time Build Order
Export as new Build Order

Solar Zerg - Winner!

Build Orders: Hatch First, Lurkers 

Get SALT Encoding   

  12  0:00  Drone  
  13  0:12  Overlord  
  13  0:17  Drone  
  14  0:30  Drone x2  
  16  0:49  Hatchery  
  15  0:52  Drone  
  15  0:56  Drone  
  17  0:59  Drone  
  18  1:10  Extractor  
  17  1:14  Spawning Pool  
  17  1:17  Drone  
  17  1:20  Drone  
  18  1:28  Drone  
  19  1:38  Drone  
  20  1:53  Drone  
  21  2:00  Queen  
  21  2:01  Zergling x4, Queen  
  27  2:14  Overlord  
  27  2:16  Metabolic Boost  
  27  2:22  Zergling x2  
  28  2:31  Hatchery  
  28  2:33  Drone  
  28  2:35  Zergling x2  
  29  2:43  Queen  
  31  2:48  Drone  
  32  2:51  Overlord  
  32  2:54  Zergling x2  
  32  2:56  Drone  
  34  2:59  Zergling x2  
  34  3:00  Drone  
  36  3:10  Drone x2  
  38  3:14  Drone  
  38  3:16  Drone  
  38  3:17  Drone  
  38  3:18  Drone  
  42  3:22  Overlord  
  42  3:26  Queen  
  44  3:30  Overlord  
  44  3:41  Drone x3  
  44  3:42  Queen  
  44  3:44  Drone  
  50  3:48  Queen  
  50  3:55  Drone x4  
  56  3:57  Drone  
  56  3:59  Drone  
  56  4:00  Drone  
  59  4:03  Overlord  
  59  4:05  Drone  
  59  4:07  Drone  
  61  4:10  Drone  
  61  4:12  Drone  
  61  4:15  Drone  
  64  4:18  Drone  
  64  4:20  Extractor  
  64  4:23  Drone x2  
  64  4:24  Drone, Queen  
  67  4:30  Overlord  
  69  4:32  Drone x4  
  69  4:36  Queen  
  69  4:37  Extractor  
  69  4:38  Overlord  
  75  4:39  Overlord  
  75  4:41  Overlord  
  75  4:49  Drone x3  
  75  4:52  Evolution Chamber x2  
  76  4:56  Drone  
  76  4:59  Drone x5  
  82  5:02  Zergling x6  
  82  5:04  Queen  
  82  5:05  Extractor  
  86  5:10  Zergling x4, Drone x2  
  86  5:13  Overlord  
  90  5:18  Zerg Melee Weapons Level 1, Zerg Ground Armor Level 1  
  90  5:20  Zergling x2  
  90  5:21  Zergling x2  
  92  5:24  Drone  
  92  5:27  Lair  
  93  5:29  Drone x2  
  93  5:31  Extractor  
  93  5:32  Spore Crawler  
  93  5:33  Drone  
  94  5:37  Zergling x14, Baneling Nest  
  94  5:39  Overlord  
  94  5:42  Zergling x4  
  102  5:47  Zergling x2  
  103  5:50  Hatchery  
  103  5:53  Overlord  
  103  5:54  Zergling x2  
  103  5:56  Overlord  
  103  5:58  Zergling x4  
  103  5:59  Zergling x4  
  103  6:03  Zergling x2  
  108  6:09  Zergling x2  
  109  6:12  Zergling x4  
  109  6:16  Zergling x12  
  116  6:19  Extractor  
  116  6:22  Baneling x7  
  116  6:23  Baneling x2  
  115  6:26  Centrifugal Hooks  
  115  6:27  Hatchery  
  115  6:28  Drone x3  
  115  6:30  Drone  
  113  6:33  Zergling x4  
  113  6:35  Drone x3  
  110  6:41  Overlord  
  110  6:42  Drone  
  110  6:43  Zergling x2  
  110  6:46  Zergling x4  
  114  6:48  Drone  
  114  6:50  Overseer, Baneling x2, Hydralisk Den  
  114  6:53  Baneling  
  115  6:54  Zergling x6  
  115  6:56  Overlord  
  115  6:57  Drone x2  
  115  7:01  Spore Crawler  
  118  7:04  Zergling x8  
  122  7:09  Queen  
  122  7:15  Drone  
  122  7:16  Drone x3  
  122  7:20  Overlord  
  122  7:21  Drone  
  122  7:22  Drone x2  
  129  7:23  Drone x2  
  129  7:24  Drone  
  129  7:25  Zerg Ground Armor Level 2  
  129  7:30  Drone  
  129  7:31  Drone  
  129  7:32  Drone  
  129  7:35  Overlord  
  132  7:39  Hydralisk x4  
  132  7:42  Drone x3  
  142  7:45  Drone  
  142  7:49  Zergling x8  
  147  7:51  Overlord  
  147  7:54  Zergling x6  
  147  7:58  Drone x2  
  152  8:00  Drone x2  
  152  8:02  Drone x3  
  152  8:05  Zergling x6  
  156  8:07  Zergling x2  
  156  8:08  Zergling x2  
  156  8:09  Baneling x3  
  156  8:12  Drone  
  156  8:13  Drone x3  
  156  8:14  Drone  
  156  8:17  Zergling x4  
  147  8:20  Muscular Augments  
  147  8:21  Zergling x2  
  147  8:23  Hydralisk  
  148  8:27  Extractor  
  148  8:28  Zerg Melee Weapons Level 2  
  148  8:29  Zergling x6  
  148  8:30  Infestation Pit  
  148  8:33  Overlord  
  148  8:34  Pneumatized Carapace, Drone  
  149  8:36  Zergling x4  
  149  8:37  Zergling x2  
  149  8:38  Zergling x2  
  154  8:42  Baneling x5  
  154  8:44  Baneling x12  
  154  8:45  Hatchery  
  154  8:47  Zergling x6  
  156  8:51  Extractor  
  156  8:53  Drone x2  
  156  8:54  Drone, Hydralisk x2  
  161  8:57  Overlord x2  
  161  8:59  Burrow  
  161  9:03  Zergling x10  
  161  9:08  Zergling x12  
  172  9:12  Hive  
  172  9:15  Lurker Den  
  172  9:16  Zergling x8  
  175  9:17  Zergling x2  
  175  9:23  Zergling x14  
  175  9:24  Grooved Spines  
  178  9:26  Zergling x10  
  178  9:28  Zergling x4  
  178  9:31  Zergling x8  
  189  9:35  Hydralisk x3  
  189  9:36  Zergling x2  
  196  9:43  Zergling x4  
  195  9:50  Zergling x6, Overlord  
  195  9:51  Zergling x10  
  198  9:57  Spore Crawler  
  196  10:02  Baneling x10  
  196  10:04  Baneling x6  
  196  10:05  Drone  
  195  10:08  Zergling x12  
  195  10:12  Zerg Missile Weapons Level 1  
  200  10:24  Hatchery  
  200  10:25  Extractor  
  200  10:27  Drone x2  
  200  10:30  Zergling x8  
  200  10:31  Adrenal Glands  
  200  10:32  Seismic Spines  
  200  10:33  Viper x2  
  200  10:35  Zergling x14  
  199  10:48  Zerg Ground Armor Level 3  
  199  10:58  Zergling x2  
  199  10:59  Zergling x6  
  199  11:06  Hatchery  
  199  11:10  Zergling x2  
  199  11:12  Baneling x2  
  199  11:21  Zergling x20  
  191  11:29  Zergling x36, Adaptive Talons  
  179  11:34  Zergling x12  
  179  11:39  Hydralisk x3  
  184  11:40  Zergling x6  
  184  11:43  Zergling x8  
  184  11:45  Baneling x11  
  191  11:47  Zergling x4  
  191  11:52  Baneling x5  
  193  11:54  Zergling x6  
  193  11:55  Zergling x8  
  193  11:58  Zergling x8  
  197  12:04  Zergling x6  
  197  12:06  Zerg Melee Weapons Level 3  
  200  12:16  Baneling x14  
  199  12:28  Spire  
  199  12:30  Zergling x2  
  199  12:32  Baneling x10  
  199  12:43  Overseer x3  
  197  12:49  Zergling x38  
  197  12:51  Zergling x12  
  199  12:56  Zergling x16  
  177  13:00  Zergling x2, Hydralisk  
  177  13:01  Zergling x10  
  177  13:03  Overseer  
  177  13:05  Lurker x4, Nydus Network  
  186  13:07  Lurker  
  186  13:08  Zergling x6  
  186  13:12  Hydralisk x3  
  189  13:15  Zergling x8  
  177  13:21  Zergling x8  
  177  13:23  Zergling x8  
  177  13:24  Zerg Missile Weapons Level 2  
  164  13:27  Hydralisk x2  
  164  13:31  Zergling x6  
  164  13:33  Zergling x14  
  164  13:34  Baneling x16  
  177  13:35  Drone x3  
  177  13:40  Zergling x6  
  183  13:44  Drone x4  
  183  13:48  Drone x3  
  190  13:50  Zergling x8  
  194  13:55  Zergling x10  
  194  13:57  Nydus Canal  
  189  14:06  Zergling x18  
  171  14:10  Zergling x8  
  171  14:12  Zergling x2  
  171  14:13  Zergling x2  
  171  14:14  Zergling x4  
  171  14:16  Zergling x6  
  180  14:18  Nydus Canal  
  180  14:19  Baneling x3  
  180  14:20  Zergling x2  
  180  14:21  Baneling  
  180  14:22  Baneling x4  
  180  14:23  Zergling x2  
  182  14:30  Zergling x4  
  184  14:33  Zergling x8  
  184  14:38  Zergling x12  
  192  14:40  Nydus Canal  
  192  14:42  Hatchery  
  192  14:43  Zergling x10  
  177  14:46  Hydralisk  
  177  14:47  Zergling x2, Hydralisk  
  177  14:49  Zergling x2  
  177  14:50  Zergling x6  
  177  14:51  Zergling x2  
  175  14:56  Overseer  
  175  14:57  Overseer  
  175  14:59  Baneling x15  
  172  15:02  Zergling x2  
  172  15:03  Zergling x8  
  177  15:09  Zergling x16  
  177  15:11  Infestor  
  177  15:13  Greater Spire  
  187  15:18  Zergling x12  
  193  15:22  Zergling x10  
  198  15:29  Zergling x4  
  199  15:41  Zergling x2  
  199  15:42  Zergling x10  
  198  15:47  Baneling x11  
  198  15:48  Zergling x26  
  198  15:49  Zergling x4  
  199  15:51  Zergling x8  
  199  15:52  Zergling x4  
  199  15:56  Zergling x8  
  193  15:58  Zergling x2  
  193  15:59  Zergling x2  
  193  16:00  Hydralisk  
  193  16:03  Hydralisk x2  
  191  16:07  Zergling x10  
Show
View Real Time Build Order
Export as new Build Order

GuMiho Terran 

Build Orders:  

Get SALT Encoding   

  12  0:00  SCV  
  13  0:12  SCV  
  14  0:17  Supply Depot  
  14  0:24  SCV  
  15  0:39  Barracks, SCV  
  16  0:43  Refinery  
  16  0:51  SCV  
  17  0:59  Barracks  
  18  1:04  SCV  
  18  1:16  SCV  
  19  1:26  Reaper  
  19  1:28  Orbital Command  
  19  1:32  Supply Depot  
  20  1:46  Reaper  
  21  1:54  SCV  
  22  2:03  Reaper  
  22  2:06  SCV  
  24  2:12  Command Center  
  24  2:18  Refinery  
  24  2:21  Reaper  
  25  2:24  SCV  
  26  2:36  SCV  
  27  2:40  Barracks Reactor  
  27  2:48  SCV  
  28  2:53  Command Center  
  28  2:55  Barracks Tech Lab  
  28  3:06  SCV  
  28  3:15  Marine  
  28  3:17  Marine x2  
  28  3:18  Stimpack, SCV  
  31  3:24  Orbital Command  
  31  3:31  Factory  
  31  3:33  SCV  
  32  3:36  Marine  
  32  3:39  Marine  
  32  3:41  Marine  
  34  3:45  SCV  
  36  3:50  Engineering Bay  
  36  3:52  SCV  
  37  3:57  SCV  
  37  3:59  Marine x2  
  37  4:00  Marine  
  41  4:06  Orbital Command  
  41  4:09  SCV  
  42  4:10  SCV  
  42  4:16  Starport  
  43  4:18  Factory Reactor  
  43  4:21  Terran Infantry Weapons Level 1  
  43  4:22  SCV  
  44  4:25  SCV  
  44  4:27  Marine  
  44  4:28  Marine  
  44  4:29  Marine  
  48  4:33  SCV  
  48  4:34  SCV  
  51  4:38  SCV  
  51  4:39  Supply Depot  
  51  4:45  Marine x2  
  51  4:46  SCV x2  
  51  4:47  Marine  
  51  4:50  SCV  
  57  4:55  Supply Depot  
  57  5:00  Factory Tech Lab, Medivac x2  
  57  5:02  SCV x2  
  57  5:04  Refinery  
  57  5:05  Refinery  
  57  5:06  Marine x2  
  65  5:07  Marine  
  65  5:08  Combat Shield  
  65  5:12  SCV  
  67  5:14  SCV  
  67  5:15  SCV  
  67  5:17  Supply Depot  
  69  5:27  Barracks  
  69  5:30  Barracks x2, Siege Tank  
  69  5:33  Orbital Command, SCV x2  
  69  5:35  Marine x2  
  74  5:37  Marine  
  74  5:41  Liberator  
  80  5:45  SCV  
  80  5:46  SCV  
  80  5:49  Supply Depot  
  82  5:53  Marine x2  
  84  5:58  SCV  
  85  6:11  Siege Tank, SCV x3  
  91  6:12  Supply Depot x2  
  91  6:14  Barracks Reactor  
  91  6:17  Barracks Reactor  
  91  6:18  Barracks Reactor  
  91  6:19  Terran Infantry Armor Level 1  
  91  6:23  SCV  
  92  6:26  Supply Depot  
  92  6:27  Supply Depot  
  91  6:33  Marine x2  
  91  6:34  Marine  
  91  6:36  Medivac  
  91  6:37  Medivac  
  89  6:40  SCV x2  
  89  6:44  SCV  
  92  6:49  Siege Tank  
  92  6:51  Marine x2  
  92  6:52  SCV, Supply Depot  
  92  6:53  SCV  
  92  6:54  Marine, Supply Depot  
  99  6:56  Marine x2  
  99  6:58  Marine  
  99  6:59  Marine  
  104  7:01  Marine x2  
  106  7:09  Marine x2  
  106  7:13  Armory  
  106  7:14  Engineering Bay  
  106  7:15  Marine x2  
  107  7:18  Marine x2  
  107  7:21  Siege Tank  
  114  7:23  Medivac  
  114  7:25  SCV x3  
  114  7:27  Supply Depot, Refinery x2  
  114  7:33  Marine x3  
  114  7:36  Marine x2  
  119  7:41  Command Center  
  119  7:42  Marine x2  
  121  7:50  Marine x2  
  123  7:51  Marine x2  
  123  7:52  Marine  
  123  7:53  Siege Tank  
  123  7:54  Marine  
  130  8:01  Marine x3  
  131  8:08  Marine x2  
  131  8:09  Marine x3  
  131  8:11  Marine  
  137  8:19  Marine x2  
  125  8:22  Marine  
  125  8:25  Medivac  
  125  8:26  Marine x2, Medivac, SCV x2  
  125  8:27  Marine x3, SCV  
  132  8:29  Terran Infantry Weapons Level 2, Marine  
  132  8:31  Terran Infantry Armor Level 2  
  136  8:37  Marine  
  136  8:40  SCV x2  
  139  8:43  Terran Vehicle Weapons Level 1, Factory  
  139  8:44  Factory  
  139  8:47  SCV  
  140  8:48  Sensor Tower  
  140  8:54  Siege Tank  
  143  8:58  SCV x2  
  143  9:00  Medivac  
  147  9:04  Medivac  
  147  9:09  Supply Depot  
  150  9:10  Command Center, SCV x3  
  152  9:22  Marine x5  
  157  9:26  Planetary Fortress, Siege Tank  
  157  9:28  SCV x3  
  157  9:29  Refinery  
  163  9:32  Factory Tech Lab x2, Supply Depot x2, Refinery  
  163  9:41  Barracks  
  163  9:44  Barracks x2  
  163  9:49  SCV x3  
  166  9:57  Ghost Academy  
  166  10:04  SCV x2  
  166  10:05  Command Center, SCV  
  169  10:08  Command Center  
  169  10:10  Siege Tank x2  
  169  10:12  Siege Tank  
  177  10:18  SCV x3  
  180  10:23  Sensor Tower  
  180  10:25  Missile Turret  
  179  10:34  SCV x2  
  179  10:35  SCV  
  179  10:38  Barracks Tech Lab  
  179  10:39  Barracks Tech Lab  
  179  10:40  Barracks Tech Lab  
  179  10:41  Terran Vehicle Weapons Level 2  
  179  10:42  Siege Tank x2  
  186  10:48  Terran Infantry Weapons Level 3  
  186  10:52  Terran Infantry Armor Level 3  
  186  11:04  Siege Tank  
  189  11:14  Siege Tank  
  192  11:22  Siege Tank  
  191  11:31  Marine x2  
  191  11:32  Marine x2  
  169  11:33  Marine x4  
  169  11:34  Marine  
  169  11:35  Marine  
  169  11:36  Siege Tank, Marine x2  
  171  11:40  Medivac x2  
  171  11:41  Orbital Command  
  171  11:44  Planetary Fortress  
  171  11:46  Siege Tank  
  178  11:52  SCV x3  
  181  11:55  Siege Tank  
  176  12:03  Ghost  
  176  12:05  Ghost x2  
  176  12:06  SCV  
  176  12:07  SCV x2  
  185  12:14  Siege Tank  
  168  12:18  Marine x3  
  168  12:19  SCV, Marine x2  
  168  12:20  Marine x2  
  176  12:27  Missile Turret  
  176  12:28  Marine  
  176  12:29  Marauder  
  179  12:30  Missile Turret  
  179  12:32  Marauder  
  179  12:34  Marine x2  
  179  12:35  Siege Tank x2, Command Center  
  179  12:36  Marine x2  
  191  12:41  Missile Turret  
  191  12:45  Missile Turret  
  191  12:51  Siege Tank  
  166  12:52  Medivac  
  166  12:56  Marine  
  166  12:58  Marine x2  
  150  13:00  Marine x3  
  150  13:01  Orbital Command  
  150  13:02  Marine x2  
  150  13:03  Marine  
  153  13:06  Marine x2  
  153  13:07  Siege Tank x2  
  151  13:23  Siege Tank  
  151  13:24  Marine x2  
  151  13:25  Marine, Marauder x3  
  155  13:27  Orbital Command  
  155  13:28  Marine x3  
  155  13:33  SCV x2  
  160  13:39  Siege Tank  
  160  13:40  Siege Tank  
  166  13:45  Ghost  
  166  13:46  Marauder  
  168  13:55  Siege Tank  
  171  13:57  Ghost x2  
  171  13:59  Viking  
  155  14:11  Siege Tank  
  155  14:12  Siege Tank  
  161  14:20  Orbital Command  
  161  14:27  Siege Tank  
  164  14:43  Siege Tank  
  164  14:44  Siege Tank  
  158  14:59  Siege Tank  
  161  15:02  Missile Turret  
  161  15:11  Marauder x3  
  161  15:12  Marine  
  161  15:14  Marine  
  169  15:15  Siege Tank  
  169  15:16  Siege Tank  
  177  15:21  Marauder  
  177  15:23  Sensor Tower  
  177  15:31  Siege Tank  
  180  15:37  Concussive Shells  
  177  15:47  Siege Tank  
  177  15:48  Siege Tank  
  161  15:57  Marine  
  161  15:58  Marine  
  161  16:01  Marine x2  
  161  16:02  Marine x2  
Tags
 
Composition
Lurkers
League
Diamond
Matchup
TvZ
Spawn Locations
Cross Positions
Add a new tag
Caveats
  • Supply blocks, unpowered buildings, or Contaminate may cause inaccurate times.
  • Supply counts are checked every 10 seconds.